cohdb
Replays
Latest Replays
All Replays
Popular Replays
Top Player Replays
Match Explorer
How It Works
Community
CoH3 Stats
Reddit
Sign in to upload your games and track your stats! →
Sign in with Steam
Match 38864329
Unlisted
Match 38864329
Overview
Messages
Build Orders
End
Panzerpioneer Squad
Panzergrenadier Squad
Selects Armored Support Battlegroup
250 Light Carrier
Panzergrenadier Squad
Construct Light Support Kompanie
Fire Support Elements
MG34 Team
Flakvierling Half-track
Selects Superior Fire Drills
Panzerjäger Mechanized Group
Veteran Squad Leaders
2.5-tonne Medical Truck
Combat Half-tracks
Selects Vehicle Awareness
Construct Panzerarmee Kommand
Assault Mechanized Group
Pak 38 Anti-tank Gun Team
Selects Panzer Storm
Panzer III L Medium Tank
Panzer III L Medium Tank
Selects Stuka Anti-tank Loiter
Pak 38 Mechanized Group
Stuka Anti-tank Loiter
Panzer Storm
Panzerpioneer Squad
Selects Flammpanzer III Medium Tank
Panzer III L Medium Tank
Armored Reserves
MG34 Team
Panzer IV Assault Group
Flak 36 Anti-tank Gun Team
( _ )
只愛❤毛妹
0
0
Comments
sign in to comment!
No comments posted yet!